 Dungeon Crawl Stone Soup version 0.25-a0-516-g7d600cd9ad (webtiles) character file.

Game seed: 5982473037426918325, levelgen mode: deterministic

93 Emblim88 the Charlatan (level 4, 0/21 HPs)
             Began as a Spriggan Artificer on Feb 17, 2020.
             Slain by a shadow imp (5 damage)
             ... summoned by Natasha
             ... on level 3 of the Dungeon.
             The game lasted 00:05:00 (2737 turns).

Emblim88 the Charlatan (Spriggan Artificer)         Turns: 2737, Time: 00:05:01

Health: 0/21       AC:  3    Str:  8    XL:     4   Next: 36%
Magic:  10/10      EV: 18    Int: 12    God:
Gold:   62         SH:  0    Dex: 17    Spells: 1/3 levels left

rFire    . . .     SeeInvis +   a - +0 short sword
rCold    . . .     Gourm    .   (shield restricted)
rNeg     . . .     Faith    .   b - +0 robe
rPois    .         Spirit   .   (helmet restricted)
rElec    .         Reflect  .   j - +0 cloak
rCorr    .         Harm     .   (gloves unavailable)
MR       .....                  (boots unavailable)
Stlth    ++........             (no amulet)
HPRegen  0.07/turn              (no ring)
MPRegen  0.12/turn              (no ring)

@: very quick
A: very small, unfitting armour, see invisible, herbivore, speed 3, slow
metabolism 2
a: no special abilities


You were on level 3 of the Dungeon.
You were not hungry.

You visited 1 branch of the dungeon, and saw 3 of its levels.

You collected 62 gold pieces.

Inventory:

Hand Weapons
 a - a +0 short sword (weapon)
Missiles
 p - 22 stones
 r - 7 boomerangs (quivered)
 u - 4 poisoned darts
Armour
 b - a +0 robe (worn)
 j - a +0 cloak (worn)
Wands
 c - a wand of flame (3)
 d - a wand of enslavement (15)
 e - a wand of random effects (3)
Scrolls
 g - 4 scrolls of remove curse {unknown}
 h - 3 scrolls of teleportation {unknown}
 i - a scroll of fear {unknown}
 k - 2 scrolls of immolation {unknown}
 o - 2 scrolls of identify {unknown}
 q - 3 scrolls of fog {unknown}
Potions
 l - a potion of flight {unknown}
 m - 4 potions of curing
 n - a potion of heal wounds {unknown}
 s - a potion of brilliance {unknown}
 t - a potion of agility {unknown}
Comestibles
 f - 3 rations


   Skills:
 - Level 0.7 Fighting
 - Level 1.1 Short Blades
 - Level 3.0 Dodging
 - Level 1.5 Stealth
 + Level 6.9 Evocations


You had one spell level left.
You knew the following spells:

 Your Spells              Type           Power        Failure   Level  Hunger
a - Blink                 Tloc           N/A          45%         2    ###....

Your spell library contained the following spells:

 Spells                   Type           Power        Failure   Level  Hunger
 Magic Dart               Conj           #...         32%         1    ##.....
 Call Imp                 Summ           #.......     45%         2    ###....
 Slow                     Hex            #.......     45%         2    ###....
 Conjure Flame            Conj/Fire      #.......     69%         3    ####...
 Mephitic Cloud           Conj/Pois/Air  #.......     69%         3    ####...


Dungeon Overview and Level Annotations

Branches:
Dungeon (3/15)

Altars:

Annotations:
D:3 Natasha


Innate Abilities, Weirdness & Mutations

You are very small and have problems with some larger weapons.
You are too small for most types of armour.
You have supernaturally acute eyesight. (SInv)
You are a herbivore.
You cover ground extremely quickly.
You need to consume almost no food.


Message History

The shadow imp hits you.
Natasha closely misses the shadow imp.
You hit Natasha but do no damage.
Natasha is lightly wounded.
The shadow imp gestures at you. Pain shoots through your body!
The shadow imp closely misses you. Natasha misses you.
You hit Natasha.
Natasha is moderately wounded.
The shadow imp misses you. Natasha misses you.
You hit Natasha.
Natasha is heavily wounded.
The shadow imp misses you.
A shadow imp is nearby!
A shadow imp is nearby!
The shadow imp gestures at you. Pain shoots through your body!
* * * LOW HITPOINT WARNING * * *
You barely miss the shadow imp. The shadow imp hits you.
You die...

.#...# #.# ##...##
.....# #.# #.
##.....## # .....#
#.# #.
##.......##.#
.#...# #.# #.
#.........(. .#...#
#.# #. #.!......#
.#...# #.# #.
#.#.....#
.....####.# #.
#.##.>.##
..........#
#.###.###.####
#.#..######
#..@5÷..†....#
#.#..#
#####.####.#.....
#.#..# ##..h#
....... #.#..#
##.###.# #.#.###
#.#..# ###.## #.#
.# # #.#..## #...#
....# #.....# #.#.#
####
#.#...#######.##.#
#.#....#......###..


You could see Natasha (confused) and a shadow imp.

Vanquished Creatures
  Natasha (D:3)
  3 adders
  A worm (D:2)
  A dart slug (D:1)
  A leopard gecko (D:1)
  2 orcs (D:3)
  A giant cockroach (D:3)
  2 goblins
  3 hobgoblins (D:2)
  3 jackals (D:2)
  5 kobolds
  A quokka (D:3)
  3 bats
  5 frilled lizards
  3 rats
35 creatures vanquished.

Notes
Turn   | Place    | Note
-------+----------+-------------------------------------------
     0 | D:1      | Emblim88 the Spriggan Artificer began the quest for the
                  | Orb.
     0 | D:1      | Reached XP level 1. HP: 9/9 MP: 4/4
   629 | D:1      | Reached XP level 2. HP: 14/14 MP: 6/6
   956 | D:2      | Reached skill level 5 in Evocations
  1491 | D:2      | Reached XP level 3. HP: 10/17 MP: 8/8
  2031 | D:3      | Reached skill level 6 in Evocations
  2042 | D:3      | Noticed Natasha
  2350 | D:3      | Learned a level 2 spell: Blink
  2370 | D:3      | Killed Natasha
  2370 | D:3      | Reached XP level 4. HP: 17/21 MP: 10/10
  2721 | D:3      | Noticed Natasha
  2737 | D:3      | Slain by a shadow imp

Levels and vault maps discovered:
D:1:      minmay_arrival_hallway, layout_loops_ring,
          chequers_serial_rivers_marsh, minmay_pentomino_w2
D:2:      layout_loops_ring
D:3:      layout_loops_ring, lemuel_crystal_altar, uniq_natasha

Skill      XL: |  1  2  3 |
---------------+----------+-----
Evocations     | 5 6 |  6.9
Fighting       | |  0.7
Short Blades   | |  1.1
Dodging        | |  3.0
Stealth        | |  1.5

Action                   |  1- 3 |  4- 6 || total
-------------------------+-------+-------++-------
Melee: Short sword       |    99 |    27 ||   126
Throw: Boomerang         |    13 |       ||    13
Evoke: Wand              |    19 |     5 ||    24
 Stab: Sleeping          |     6 |       ||     6
       Confused          |     3 |       ||     3
       Paralysed         |     3 |       ||     3
Armor: Robe              |    10 |     2 ||    12
Dodge: Dodged            |    78 |    27 ||   105

Table legend:
 A = Non-vault XP
 B = Vault XP
 C = Vault XP percentage of total XP
 D = Non-vault monster count
 E = Vault monster count
 F = Vault count percentage of total count
                 A         B        C        D         E       F
            +---------+---------+-------+---------+---------+-------
      Total |      97 |      36 |  27.1 |      33 |       2 |   5.7
            +---------+---------+-------+---------+---------+-------
        D:1 |      11 |       1 |   8.3 |       5 |       1 |  16.7
        D:2 |      40 |       0 |   0.0 |      15 |       0 |   0.0
        D:3 |      46 |      35 |  43.2 |      13 |       1 |   7.1
            +---------+---------+-------+---------+---------+-------
